 Dungeon Crawl Stone Soup version 0.27.1-33-g824d729ab1 (webtiles) character file.

Game seed: 1395056183041622027

73 Anathary the Skirmisher (level 4, -1/29 HPs)
             Began as a Gargoyle Berserker on Nov 28, 2021.
             Was a Follower of Trog.
             Killed from afar by Blork the orc (2 damage)
             ... with a puff of frost
             ... on level 4 of the Dungeon.
             The game lasted 00:05:59 (1657 turns).

Anathary the Skirmisher (Gargoyle Berserker)        Turns: 1657, Time: 00:06:00

Health: -1/29      AC: 10    Str: 21    XL:     4   Next: 27%
Magic:  4/4        EV: 10    Int:  8    God:    Trog [*.....]
Gold:   65         SH:  0    Dex:  9    Spells: 3/3 levels left

rFire    . . .     SeeInvis .   a - +0 hand axe
rCold    . . .     Faith    .   (no shield)
rNeg     + . .     Spirit   .   g - +0 scale mail
rPois    ∞         Reflect  .   (no helmet)
rElec    +         Harm     .   (no cloak)
rCorr    .         Rampage  .   (no gloves)
Will     .....                  (no boots)
Stlth    ..........             (no amulet)
HPRegen  0.09/turn              (no ring)
MPRegen  0.09/turn              (no ring)

@: no status effects
A: sickness immunity, AC +3, negative energy resistance 1, electricity
resistance, torment resistance 1, petrification resistance
a: Renounce Religion, Berserk


You were on level 4 of the Dungeon.
You worshipped Trog.
Trog was aware of your devotion.
You visited 1 branch of the dungeon, and saw 6 of its levels.

You collected 65 gold pieces.

Inventory:

Hand Weapons
 a - a +0 hand axe (weapon)
Armour
 g - a +0 scale mail (worn)
Jewellery
 i - an amulet of reflection
Scrolls
 b - a scroll of amnesia {unknown}
 c - 2 scrolls of enchant armour {unknown}
 d - a scroll of identify {unknown}
 f - 2 scrolls of fog {unknown}
 h - a scroll of vulnerability {unknown}
Potions
 e - 2 potions of curing {unknown}


   Skills:
 + Level 4.0 Fighting
 + Level 3.9 Axes
 + Level 2.5 Armour
 - Level 1.6 Dodging


You had 3 spell levels left.
You didn't know any spells.
Your spell library was empty.

Dungeon Overview and Level Annotations

Branches:
Dungeon (6/15)
 Temple: D:4-7

Altars:

Annotations:
D:4 Blork the orc


Innate Abilities, Weirdness & Mutations

You are immune to sickness and miasma.
Your stone body is resilient. (AC +3)
You are immune to poison.
You resist negative energy. (rN+)
You are resistant to electric shocks. (rElec)
You are resistant to unholy torment.
You are immune to petrification.


Message History

The magic dart hits you. The hound closely misses you.
The hound bites you but does no damage.
You see here an emerald potion.
Blork the orc gestures wildly while chanting.
Blork the orc seems to speed up.
The hound bites you. The hound bites you.
The hound bites you but does no damage.
Blork the orc suddenly cheers.
The gnoll hits you with a +0 flail.
* * * LOW HITPOINT WARNING * * *
A gnoll comes into view. It is wielding a +0 spear.
The gnoll shouts!
You hear a shout!
The hound bites you but does no damage. Blork the orc closely misses you.
Blork the orc hits you but does no damage.
The hound bites you but does no damage.
A gnoll comes into view. It is wielding a +0 club.
The gnoll hits you with a +0 spear.
* * * LOW HITPOINT WARNING * * *
The hound bites you but does no damage.
You slash the gnoll!
The gnoll is heavily wounded.
You barely miss the hound. You barely miss Blork the orc.
Blork the orc hits you but does no damage.
The hound barely misses you.
Blork the orc begins to cast a cantrip, but forgets the words!
The gnoll barely misses you.
You closely miss the gnoll.
The gnoll is heavily wounded.
You hit the hound but do no damage. You hit Blork the orc.
You hit the gnoll but do no damage. The hound barely misses you.
Blork the orc hits you with a +2 hand axe of flaming.
* * * LOW HITPOINT WARNING * * *
Blork the orc burns you.
* * * LOW HITPOINT WARNING * * *
The gnoll barely misses you. The gnoll hits you with a +0 spear.
* * * LOW HITPOINT WARNING * * *
The hound barely misses you.
Blork the orc points at you and mumbles some strange words.
The puff of frost hits you.
You die...

#.. #..# .# #..#
...### ###.^#
#.....### ##....#
#.....####.....#
#.g@hg.......#
#....##go.......##
... #.......### .
.....##...#
......##..!#
..........##...##
#.........###...#
#........## #...#
#.......#####...####


You could see Blork the orc (fast), a hound and 3 gnolls.

Vanquished Creatures
  A hound skeleton (D:5)
  2 adders
  2 dart slugs
  A worm (D:2)
  3 orcs
  3 ball pythons
  4 endoplasms
  4 goblins
  5 hobgoblins
  A jackal (D:1)
  A kobold (D:2)
  A quokka (D:1)
  A bat (D:2)
  4 frilled lizards
33 creatures vanquished.

Notes
Turn   | Place    | Note
-------+----------+-------------------------------------------
     0 | D:1      | Anathary the Gargoyle Berserker began the quest for the
                  | Orb.
     0 | D:1      | Reached XP level 1. HP: 14/14 MP: 1/1
   438 | D:1      | Reached XP level 2. HP: 15/19 MP: 2/2
   503 | D:1      | Found a faded altar of an unknown god.
  1021 | D:2      | Reached XP level 3. HP: 23/24 MP: 3/3
  1198 | D:2      | You fall into a shaft and drop 1 floor!
  1517 | D:3      | Reached XP level 4. HP: 29/29 MP: 4/4
  1530 | D:3      | Noticed a scorpion
  1546 | D:3      | You fall into a shaft and drop 3 floors!
  1571 | D:5      | Entered Level 5 of the Dungeon
  1591 | D:5      | Reached skill level 4 in Fighting
  1628 | D:4      | Noticed Blork the orc
  1657 | D:4      | HP: 1/29 [gnoll (2)]
  1657 | D:4      | Killed from afar by Blork the orc

Illustrated notes

Levels and vault maps discovered:
D:1:      dpeg_arrival_brainrot, layout_basic,
          hellmonk_ecumenical_altar_pennies_from_heaven
D:2:      layout_loops_ring, grunt_decor_one_mirror, minmay_pentomino_v4,
          uniq_terence, uniq_sigmund
D:3:      minmay_general_purpose_star, layout_basic, mainiacjoe_overflow_paths,
          hangedman_decor_opposing
D:4:      layout_cave_pods, uniq_blork_the_orc
D:5:      layout_layer_cave, ebering_ghost_sewer_f
D:6:      layout_cave_pools, minmay_temple_entry_enclosed_plants,
          portal_sewer_entry_a, chequers_serial_rivers_marsh

Skill      XL: |  1  2  3  4 |
---------------+-------------+-----
Axes           | 3 |  3.9
Fighting       | 4 |  4.0
Armour         | |  2.5
Dodging        | |  1.6

Action                   |  1- 3 |  4- 6 || total
-------------------------+-------+-------++-------
Melee: Hand axe          |   120 |    10 ||   130
Armor: Animal skin       |    29 |       ||    29
       Scale mail        |    25 |    14 ||    39
Dodge: Dodged            |    70 |    16 ||    86
